Map: Magma Mines

Players

Gracz - Winner!

  • Race: Terran Terran

Retsech - Winner!

  • Race: Terran Terran

A.I. 2 (Medium)

  • Race: Protoss Protoss

A.I. 3 (Medium)

  • Race: Protoss Protoss

VOD

Have the link to the VOD?

Description

Time

  • Played on: Aug. 25, 2016, 3:30 p.m.
  • Length: 17:36
Show
View Real Time Build Order
Export as new Build Order

Gracz Terran - Winner!

Build Orders:  

Get SALT Encoding   

  12  0:04  SCV  
  13  0:16  SCV  
  14  0:24  Supply Depot  
  14  0:28  SCV  
  15  1:06  SCV  
  15  1:10  Refinery  
  16  1:13  Refinery  
  16  1:18  SCV  
  17  1:30  SCV  
  17  1:31  Barracks  
  18  1:33  Barracks  
  18  1:39  Supply Depot  
  18  1:43  SCV  
  19  1:55  SCV  
  20  2:07  SCV  
  21  2:14  Barracks  
  21  2:19  SCV  
  22  2:31  SCV  
  23  2:40  Barracks  
  23  2:43  SCV  
  24  2:51  Barracks Reactor  
  24  3:00  SCV  
  24  3:04  Barracks Reactor  
  25  3:08  Barracks Reactor  
  25  3:27  Barracks Reactor  
  25  4:05  Marine x6  
  31  4:15  Supply Depot  
  31  4:36  Marine x8  
  39  4:42  Supply Depot  
  39  5:04  Marine x8  
  33  5:22  Marine x7  
  37  5:35  Marine  
  37  5:39  Marine x7  
  45  5:53  Marine  
  46  5:57  Marine  
  47  6:05  Supply Depot  
  47  6:26  Marine x7  
  47  6:30  Supply Depot  
  54  6:35  Marine  
  52  6:44  Marine x7  
  52  6:53  Marine  
  49  7:03  Factory  
  31  7:43  Marine x8  
  36  7:56  Starport  
  36  8:00  Marine  
  36  8:01  Marine x7  
  44  8:18  Marine  
  44  8:19  Marine x4  
  49  8:38  Starport Reactor  
  49  8:57  Command Center  
  49  8:59  Marine  
  50  9:04  SCV  
  51  9:18  Medivac  
  51  9:19  Medivac  
  55  9:45  Orbital Command  
  55  9:56  Marine  
  55  9:57  Marine x4  
  56  11:06  Marine x8  
  63  11:23  Marine  
  63  11:24  Marine x5  
  48  11:41  Medivac x2  
  48  11:43  Marine  
  48  11:44  Marine x2  
  55  12:11  Medivac x2  
  55  12:14  Bunker  
  59  12:18  Marine  
  59  12:19  Marine x7  
  56  16:05  Marine x8  
  62  16:22  Marine  
  62  16:23  Marine x7  
  68  16:40  Marine  
  68  16:41  Marine x7  
  76  16:58  Marine  
  76  16:59  Marine  
Show
View Real Time Build Order
Export as new Build Order

Retsech Terran - Winner!

Build Orders:  

Get SALT Encoding   

  12  0:04  SCV  
  13  0:16  SCV  
  14  0:22  Supply Depot  
  14  0:28  SCV  
  15  0:43  SCV  
  16  0:52  Supply Depot  
  16  0:55  SCV  
  17  1:01  Engineering Bay  
  17  1:05  Refinery  
  17  1:08  SCV  
  18  1:32  Barracks  
  18  1:35  Barracks  
  18  1:39  Barracks  
  18  1:47  Barracks  
  18  2:00  SCV  
  19  2:07  Refinery  
  19  2:12  SCV  
  20  2:24  SCV  
  21  2:31  Barracks Reactor x2  
  21  2:36  SCV  
  22  2:43  Barracks Reactor  
  22  2:50  Orbital Command  
  22  2:55  Barracks Reactor  
  22  3:37  Marine x6  
  22  3:38  Marine x2  
  30  3:54  Marine  
  30  3:55  Marine x6  
  35  3:56  Marine  
  38  4:08  Terran Infantry Weapons Level 1  
  38  4:15  Barracks  
  38  4:36  Supply Depot  
  38  5:38  Barracks Tech Lab  
  38  6:02  Terran Infantry Armor Level 1  
  38  6:03  Combat Shields  
  38  6:09  Marine x5  
  38  6:10  Marine x3  
  46  6:22  Command Center  
  46  6:27  Marine x3, Refinery  
  49  6:42  Supply Depot  
  49  6:43  Supply Depot  
  49  6:45  Supply Depot  
  49  7:22  SCV  
  50  7:23  Stimpack  
  50  7:34  SCV x2  
  52  7:46  SCV  
  52  7:47  SCV  
  52  7:48  Marine x4  
  52  7:49  Marine x4  
  62  7:58  SCV  
  62  8:02  SCV  
  64  8:06  Marine x6  
  64  8:07  Marine x2  
  64  8:10  SCV  
  73  8:14  SCV  
  73  8:17  Refinery  
  74  8:22  SCV  
  74  8:26  Building Armor, SCV  
  76  8:29  Marine x6  
  76  8:30  Marine x2  
  84  8:46  Marine  
  84  8:47  Marine x6  
  91  9:17  Orbital Command  
  91  9:25  Marine x4, Command Center  
  91  9:26  Marine x3  
  98  9:38  Supply Depot  
  98  9:46  Supply Depot  
  98  9:50  Supply Depot  
  94  9:53  Supply Depot  
  88  10:08  Marine x2  
  88  10:09  Marine x5  
  88  10:10  Marine  
  96  10:40  Orbital Command  
  96  10:44  Refinery  
  96  10:57  Marine  
  96  10:58  Marine x6  
  96  10:59  Marine  
  104  11:15  Marine x2  
  104  11:16  Marine x6  
  112  11:25  Refinery  
  112  12:04  SCV  
  111  12:16  SCV  
  94  13:21  Marine x2  
  94  13:22  Marine x5  
  94  13:23  Marine  
  100  13:39  Marine x3  
  100  13:40  Marine  
  97  14:17  Marine  
  97  14:18  Marine x5  
  97  14:19  Marine x2  
  105  15:00  Marine x5  
  105  15:01  Marine x3  
  112  15:18  Marine x6  
  112  15:19  Marine x2  
  120  15:36  Marine x7  
  120  15:37  Marine  
  128  16:05  Marine x5  
  128  16:06  Marine  
Show
View Real Time Build Order
Export as new Build Order

A.I. 2 (Medium) Protoss 

Build Orders:  

Get SALT Encoding   

  12  0:01  Probe (Chrono Boost)  
  13  0:11  Probe (Chrono Boost)  
  14  0:21  Pylon  
  14  0:22  Probe (Chrono Boost)  
  15  0:39  Probe (Chrono Boost)  
  16  0:48  Assimilator  
  17  0:50  Probe (Chrono Boost)  
  17  0:52  Gateway  
  17  1:00  Probe (Chrono Boost)  
  17  1:01  Pylon  
  18  1:31  Gateway  
  18  1:35  Assimilator  
  18  1:40  Cybernetics Core  
  18  1:45  Zealot  
  20  2:06  Pylon  
  20  2:13  Warp Gate  
  20  2:15  Adept  
  22  2:32  Zealot  
  24  2:50  Adept  
  26  3:00  Pylon  
  26  3:07  Adept  
  28  3:18  Probe (Chrono Boost)  
  29  3:23  Stalker  
  31  3:30  Probe (Chrono Boost)  
  32  3:39  Pylon  
  33  3:42  Adept, Probe (Chrono Boost)  
  35  3:54  Probe (Chrono Boost)  
  36  3:58  Adept  
  36  3:59  Forge  
  38  4:06  Probe (Chrono Boost)  
  40  4:18  Probe (Chrono Boost)  
  40  4:19  Adept  
  42  4:36  Adept  
  44  6:24  Probe (Chrono Boost)  
  44  6:32  Stalker  
  44  6:36  Probe (Chrono Boost)  
  44  6:38  Pylon  
  47  6:40  Photon Cannon  
  47  6:41  Photon Cannon  
  47  6:43  Stargate  
  47  6:46  Stalker, Twilight Council  
  37  6:49  Nexus, Gateway  
  37  6:53  Forge  
  29  6:57  Robotics Facility  
  29  6:59  Stalker  
  31  7:10  Probe (Chrono Boost)  
  31  7:12  Stalker  
  33  7:25  Stalker  
  29  7:37  Zealot  
  31  7:45  Observer  
  31  7:50  Sentry  
  34  8:03  Probe (Chrono Boost)  
  34  8:04  Zealot  
  34  8:05  Observer, Probe (Chrono Boost)  
  39  8:15  Pylon, Probe (Chrono Boost)  
  39  8:17  Adept  
  39  8:18  Probe (Chrono Boost)  
  43  8:26  Probe (Chrono Boost)  
  44  8:27  Pylon  
  44  8:29  Stalker, Probe (Chrono Boost)  
  47  8:37  Probe (Chrono Boost)  
  47  8:40  Probe (Chrono Boost)  
  49  8:42  Adept  
  52  8:48  Photon Cannon  
  52  8:49  Probe (Chrono Boost)  
  52  8:50  Probe (Chrono Boost)  
  52  8:51  Photon Cannon  
  52  8:55  Stalker  
  55  9:00  Probe (Chrono Boost)  
  55  9:01  Probe (Chrono Boost)  
  57  9:08  Stalker  
  59  9:10  Probe (Chrono Boost)  
  59  9:13  Probe (Chrono Boost)  
  61  9:21  Stalker, Probe (Chrono Boost)  
  64  9:50  Zealot  
  48  10:03  Adept  
  44  10:13  Assimilator  
  44  10:15  Assimilator  
  44  10:16  Adept  
  45  10:24  Probe (Chrono Boost)  
  45  10:28  Probe (Chrono Boost)  
  39  10:29  Zealot  
  36  10:36  Probe (Chrono Boost)  
  36  10:39  Probe (Chrono Boost)  
  36  10:42  Stalker  
  34  10:47  Probe (Chrono Boost)  
  34  10:50  Probe (Chrono Boost)  
  34  10:55  Sentry  
  30  10:58  Probe (Chrono Boost)  
  30  11:01  Probe (Chrono Boost)  
  30  11:03  Gateway  
  30  11:08  Stalker  
  26  11:19  Assimilator, Nexus  
  26  11:22  Stalker  
  26  11:23  Robotics Facility  
  28  11:36  Zealot  
  30  11:49  Adept  
  32  12:02  Warp Prism  
  32  12:03  Adept  
  36  12:14  Zealot  
  19  12:28  Sentry  
  19  12:38  Immortal  
  20  12:50  Probe (Chrono Boost)  
  12  12:51  Probe (Chrono Boost)  
  12  12:54  Void Ray  
  14  13:01  Probe (Chrono Boost)  
  14  13:03  Probe (Chrono Boost)  
  16  13:14  Probe (Chrono Boost)  
  16  13:25  Probe (Chrono Boost)  
  12  13:36  Probe (Chrono Boost)  
Show
View Real Time Build Order
Export as new Build Order

A.I. 3 (Medium) Protoss 

Build Orders:  

Get SALT Encoding   

  12  0:01  Probe (Chrono Boost)  
  13  0:11  Probe (Chrono Boost)  
  14  0:21  Pylon  
  14  0:22  Probe (Chrono Boost)  
  15  0:39  Probe (Chrono Boost)  
  16  0:48  Assimilator  
  17  0:50  Probe (Chrono Boost), Gateway  
  17  1:00  Probe (Chrono Boost)  
  17  1:02  Pylon  
  18  1:30  Gateway  
  18  1:36  Assimilator  
  18  1:38  Zealot  
  18  1:41  Cybernetics Core  
  20  2:03  Zealot  
  22  2:10  Warp Gate  
  22  2:15  Pylon  
  22  2:16  Zealot  
  24  2:29  Adept  
  24  2:32  Probe (Chrono Boost)  
  27  2:41  Stalker  
  27  2:44  Probe (Chrono Boost)  
  30  2:52  Pylon  
  30  2:56  Stalker, Probe (Chrono Boost)  
  33  3:06  Forge  
  33  3:08  Probe (Chrono Boost)  
  35  3:20  Probe (Chrono Boost)  
  35  3:31  Probe (Chrono Boost)  
  36  4:57  Sentry  
  36  4:59  Probe (Chrono Boost)  
  39  5:01  Pylon  
  39  5:04  Photon Cannon  
  39  5:06  Photon Cannon  
  37  5:07  Robotics Facility  
  37  5:08  Stargate  
  37  5:09  Probe (Chrono Boost)  
  37  5:11  Stalker  
  37  5:12  Nexus, Twilight Council  
  36  5:25  Stalker  
  32  5:38  Sentry  
  34  5:52  Sentry  
  34  5:56  Observer  
  37  6:04  Pylon  
  37  6:05  Adept  
  39  6:12  Gateway  
  39  6:17  Observer  
  40  6:19  Zealot  
  40  6:21  Forge  
  42  6:26  Probe (Chrono Boost)  
  42  6:30  Probe (Chrono Boost)  
  43  6:32  Zealot  
  43  6:36  Pylon  
  43  6:37  Probe (Chrono Boost)  
  46  6:42  Probe (Chrono Boost)  
  46  6:46  Stalker  
  49  6:48  Pylon  
  49  6:49  Probe (Chrono Boost)  
  51  6:54  Probe (Chrono Boost)  
  51  7:00  Stalker  
  53  7:02  Probe (Chrono Boost)  
  53  7:05  Probe (Chrono Boost)  
  54  7:08  Photon Cannon  
  54  7:10  Photon Cannon  
  54  7:13  Probe (Chrono Boost)  
  54  7:14  Adept  
  57  7:17  Probe (Chrono Boost)  
  46  7:24  Probe (Chrono Boost)  
  46  7:27  Zealot  
  46  7:28  Probe (Chrono Boost)  
  44  7:35  Probe (Chrono Boost)  
  41  7:38  Probe (Chrono Boost)  
  41  7:41  Zealot  
  44  7:46  Probe (Chrono Boost)  
  45  7:54  Sentry  
  45  7:57  Assimilator  
  47  8:02  Assimilator  
  47  8:08  Stalker  
  49  8:22  Stalker  
  51  8:35  Adept  
  53  8:49  Stalker  
  55  9:02  Stalker  
  57  9:16  Sentry  
  59  9:24  Protoss Ground Weapons Level 1  
  59  9:26  Warp Prism  
  59  9:28  Protoss Ground Armor Level 1  
  59  9:29  Sentry  
  63  9:32  Gateway  
  63  9:36  Robotics Facility  
  63  9:40  Adept  
  65  9:51  Sentry  
  49  10:02  Observer, Zealot  
  52  10:07  Nexus  
  52  10:13  Stalker  
  54  10:21  Warp Prism  
  54  10:23  Stalker  
  58  10:34  Stalker  
  60  10:45  Stalker  
  62  10:56  Sentry  
  64  11:07  Sentry  
  64  11:09  Dark Shrine  
  66  11:16  Immortal  
  70  11:21  Probe (Chrono Boost)  
  72  11:25  Probe (Chrono Boost)  
  72  11:27  Probe (Chrono Boost)  
  72  11:28  Immortal  
  72  11:32  Probe (Chrono Boost)  
  78  11:37  Probe (Chrono Boost)  
  78  11:38  Probe (Chrono Boost)  
  78  11:40  Zealot  
  78  11:44  Probe (Chrono Boost)  
  81  11:47  Probe (Chrono Boost)  
  81  11:48  Probe (Chrono Boost)  
  83  11:55  Probe (Chrono Boost)  
  83  11:58  Assimilator  
  83  11:59  Probe (Chrono Boost)  
  83  12:01  Assimilator  
  85  12:25  Probe (Chrono Boost)  
  85  12:38  Probe (Chrono Boost)  
  85  12:43  Probe (Chrono Boost)  
  84  12:45  Sentry  
  84  12:49  Probe (Chrono Boost)  
  84  12:56  Zealot  
  60  13:05  Probe (Chrono Boost)  
  60  13:06  Sentry  
  60  13:12  Probe (Chrono Boost)  
  62  13:17  Sentry  
  64  13:26  Nexus  
  58  13:28  Sentry  
  60  13:39  Stalker  
  62  13:54  Stalker  
  62  13:59  Pylon, Stalker  
  61  14:03  Stalker  
  61  14:05  Pylon  
  65  14:12  Sentry  
  67  14:23  Cybernetics Core  
  60  14:24  Zealot  
  60  14:30  Photon Cannon  
  60  14:31  Gateway  
  58  14:36  Photon Cannon  
  52  14:38  Pylon  
  52  14:44  Assimilator  
  41  15:11  Pylon  
  34  15:25  Zealot  
  34  15:28  Probe (Chrono Boost)  
  36  15:43  Stalker  
  38  15:55  Nexus  
  38  15:56  Probe (Chrono Boost)  
  33  16:02  Twilight Council  
  34  16:05  Zealot  
  34  16:06  Forge  
  34  16:10  Pylon  
  30  16:24  Sentry  
  30  16:40  Assimilator  
  30  16:48  Nexus  
  28  17:01  Pylon  
  28  17:14  Pylon  
  25  17:16  Nexus  
  25  17:19  Pylon  
  25  17:21  Assimilator  
  25  17:25  Pylon  
  25  17:28  Assimilator  
Tags
 
Add a new tag
Caveats
  • Supply blocks, unpowered buildings, or Contaminate may cause inaccurate times.
  • Supply counts are checked every 10 seconds.